 Dungeon Crawl Stone Soup version 0.30-a0-605-gb2882149bf (webtiles) character file.

Game seed: 11803500802333558737

150 acebull12 the Grave Robber (level 5, -3/36 HPs)
             Began as a Demonspawn Necromancer on Jan 7, 2023.
             Killed from afar by an orc wizard (6 damage)
             ... with a magic dart
             ... on level 3 of the Dungeon.
             The game lasted 00:06:30 (2737 turns).

acebull12 the Grave Robber (Demonspawn Necromancer) Turns: 2737, Time: 00:06:31

Health: -3/36      AC: 10    Str:  8    XL:     5   Next: 10%
Magic:  9/9        EV: 11    Int: 18    God:
Gold:   107        SH:  0    Dex: 14    Spells: 9/10 levels left

rFire   . . .      SeeInvis .    c - +2 hand axe (freeze)
rCold   . . .      Faith    .    (no shield)
rNeg    . . .      Spirit   .    m - +0 leather armour
rPois   .          Reflect  .    (helmet restricted)
rElec   .          Harm     .    d - +0 cloak
rCorr   .          Rampage  .    (no gloves)
Will    .....                    (no boots)
Stlth   ++                       o - amulet of the acrobat
HPRegen 0.26/turn                (no ring)
MPRegen 0.11/turn                (no ring)

@: sanguine armoured
A: horns 1, powered by death 1, sanguine armour 1
a: no special abilities


You were on level 3 of the Dungeon.
You visited 1 branch of the dungeon, and saw 3 of its levels.

You collected 107 gold pieces.

Inventory:

Hand Weapons
 c - a +2 hand axe of freezing (weapon)
Armour
 d - a +0 cloak (worn)
 m - a +0 leather armour (worn)
Jewellery
 j - an amulet of faith
 o - an amulet of the acrobat (around neck)
Wands
 n - a wand of flame (26)
Scrolls
 e - a scroll of blinking {unknown}
 h - a scroll of butterflies {unknown}
 i - a scroll of identify {unknown}
 k - a scroll of noise {unknown}
 s - a scroll of vulnerability {unknown}
 t - a scroll of teleportation {unknown}
Potions
 a - a potion of flight {unknown}
 b - a potion of magic
 f - 4 potions of curing {unknown}
 g - a potion of mutation {unknown}
 l - a potion of invisibility {unknown}
 p - a potion of brilliance {unknown}
 q - a potion of cancellation {unknown}
 r - a potion of attraction {unknown}


   Skills:
 * Level 0.9 Fighting
 + Level 0.6 Axes
 * Level 0.9 Armour
 + Level 2.0 Dodging
 - Level 1.7 Stealth
 * Level 3.2 Spellcasting
 * Level 5.7 Necromancy


You had 9 spell levels left.
You knew the following spells:

 Your Spells              Type           Power      Damage    Failure   Level
a - Necrotise             Necr           92%        1d8       2%          1

Your spell library contained the following spells:

 Spells                   Type           Power      Damage    Failure   Level
 Vampiric Draining        Necr           23%        2d7       6%          3
 Sandblast                Erth           4%         2d4       22%         1
 Animate Dead             Necr           23%        N/A       22%         4
 Passwall                 Tmut/Erth      1%         N/A       34%         2
 Agony                    Necr           23%        N/A       52%         5
 Stone Arrow              Conj/Erth      4%         3d7       56%         3


Dungeon Overview and Level Annotations

Branches:
Dungeon (3/15)

Altars:
Qazlal

Shops:
D:3 *


Innate Abilities, Weirdness & Mutations

You have a pair of small horns on your head.
You regenerate a little health from kills.
When seriously injured, your blood forms armour. (AC +6)


Message History

Something tries to affect you, but you resist.
You hear some strange, mumbled words.
A puff of flame appears from out of thin air!
The puff of flame hits you but does no damage.
Something hits you.
* * * LOW HITPOINT WARNING * * *
You hit something. You freeze something. Your headbutt misses something.
You barely miss something. Something hits you but does no damage.
Something completely misses you.
You closely miss something. Your headbutt misses something.
You hit something but do no damage. Something hits you but does no damage.
Something hits you.
* * * LOW HITPOINT WARNING * * *
You miss something. You hit something but do no damage.
An orc wizard appears from thin air!
Reactivating autopickup.
The orc wizard hits you but does no damage.
Something hits you.
* * * LOW HITPOINT WARNING * * *
Deactivating autopickup; reactivate with Ctrl-A.
Something hits you but does no damage.
The orc wizard hits you with a +0 dagger.
* * * LOW HITPOINT WARNING * * *
You hit the orc wizard but do no damage.
You headbutt the orc wizard, but do no damage.
The orc wizard is moderately wounded.
You barely miss something. The orc wizard barely misses you.
Something hits you but does no damage.
You hit the orc wizard. You freeze the orc wizard.
The orc wizard is severely wounded.
You miss something. Something hits you but does no damage.
The orc wizard casts a spell at you.
The magic dart hits you but does no damage.
You barely miss the orc wizard. Your headbutt misses the orc wizard.
The orc wizard is heavily wounded.
You barely miss something.
You hear some strange, mumbled words.
A magic dart appears from out of thin air!
The magic dart hits you.
You die...

#.#..#..##.# ..#.
#.#..#..# .# #.
#.#..#### .# o.#.
#.#... .###o.#.
#.#.## .....o#. #.#
#####.... # #.#
#....... #####{#.
#....o#####
#...o@#.##..........
#.#####^...#.# #.#
#....# #.# ##...#
#†########..##
#.......o...####
#.#.####...∩...#
#.#.# #..##......#
#.#.# #..##..##...#


You could see an orc wizard.

Vanquished Creatures
  A hound (D:2)
  A gnoll (D:1)
  6 adders (D:2)
  A worm (D:2)
  2 dart slugs (D:2)
  An orc (D:3)
  3 ball pythons (D:2)
  5 endoplasms
  A giant cockroach (D:3)
  5 goblins
  6 hobgoblins (D:1)
  3 quokkas
  3 bats
  A frilled lizard (D:1)
  5 kobolds
  5 rats
49 creatures vanquished.

Notes
Turn   | Place    | Note
-------+----------+-------------------------------------------
     0 | D:1      | acebull12 the Demonspawn Necromancer began the quest for
                  | the Orb.
     0 | D:1      | Reached XP level 1. HP: 13/13 MP: 3/3
   258 | D:1      | Gained mutation: You regenerate a little health from kills.
                  | [demonic ancestry]
   258 | D:1      | Reached XP level 2. HP: 16/19 MP: 5/5
   631 | D:1      | Reached skill level 5 in Necromancy
   748 | D:1      | Reached XP level 3. HP: 25/25 MP: 0/6
  1292 | D:2      | Gained mutation: You have a pair of small horns on your
                  | head. [demonic ancestry]
  1292 | D:2      | Reached XP level 4. HP: 31/31 MP: 2/8
  1701 | D:2      | Found a faded altar of an unknown god.
  2066 | D:2      | Gained mutation: When seriously injured, your blood forms
                  | armour. (AC +6) [demonic ancestry]
  2066 | D:2      | Reached XP level 5. HP: 3/36 MP: 9/9
  2068 | D:2      | HP: 1/36 [poisoned by an adder]
  2655 | D:3      | Found Fuuxiuth's Assorted Antiques.
  2660 | D:3      | Found a stormy altar of Qazlal.
  2737 | D:3      | Killed from afar by an orc wizard

Illustrated notes

Levels and vault maps discovered:
D:1:      zelgadis_glass_arrival_small, layout_basic, st_stairs_13
D:2:      layout_loops_corners, hellmonk_ecumenical_altar_crossroads,
          minmay_between
D:3:      layout_basic, chequers_temple_overflow_statue_of_worship,
          ashenzari_altar_1, ebering_ghost_sewer_f, serial_shops,
          nicolae_square_shop

Skill      XL: |  1  2  3  4 |
---------------+-------------+-----
Necromancy     | 5 |  5.7
Dodging        | 2 |  2.0
Spellcasting   | 3 |  3.2
Fighting       | |  0.9
Axes           | |  0.6
Armour         | |  0.9
Stealth        | |  1.7

Action                   |  1- 3 |  4- 6 || total
-------------------------+-------+-------++-------
Melee: Hand axe          |    29 |    63 ||    92
       Punch             |     1 |       ||     1
       Headbutt          |       |     6 ||     6
 Cast: Necrotise         |    33 |    22 ||    55
 Stab: Sleeping          |       |     2 ||     2
Armor: Robe              |     7 |       ||     7
       Leather armour    |       |    47 ||    47
Dodge: Dodged            |    20 |    40 ||    60

Table legend: (Time is in decaauts)
 A = Elapsed time spent in this place.
 B = Non-inter-level travel time spent in this place.
 C = Inter-level travel time spent in this place.
 D = Time resting spent in this place.
 E = Time spent auto-exploring this place.
 F = Levels seen in this place.
 G = Mean time per level.
                   A        B        C        D        E       F      G
               +--------+--------+--------+--------+--------+-----+--------+
         Total |   2763 |   2534 |    229 |    116 |   1948 |   3 |  921.0 |
       Dungeon |   2763 |   2534 |    229 |    116 |   1948 |   3 |  921.0 |
               +--------+--------+--------+--------+--------+-----+--------+

Top non-repeatable levels by time:
     D:1: 1253 daAuts
     D:2: 1211 daAuts
     D:3: 298 daAuts
